 Dungeon Crawl Stone Soup version 0.28.0 (webtiles) character file.

Game seed: 12135331458654064444

17 danielguo94 the Shield-Bearer (level 2, 0/19 HPs)
             Began as a Gargoyle Fighter on Feb 8, 2022.
             Slain by a hobgoblin (1 damage)
             ... on level 1 of the Dungeon.
             The game lasted 00:00:21 (323 turns).

danielguo94 the Shield-Bearer (Gargoyle Fighter)     Turns: 323, Time: 00:00:22

Health: 0/19       AC:  9    Str: 19    XL:     2   Next: 62%
Magic:  2/2        EV:  9    Int:  8    God:
Gold:   40         SH:  4    Dex:  9    Spells: 1/1 levels left

rFire   . . .      SeeInvis .   a - +0 flail
rCold   . . .      Faith    .   c - +0 buckler
rNeg    + . .      Spirit   .   b - +0 scale mail
rPois   ∞          Reflect  .   (no helmet)
rElec   +          Harm     .   (no cloak)
rCorr   .          Rampage  .   (no gloves)
Will    .....                   (no boots)
Stlth   ..........              (no amulet)
HPRegen 0.06/turn               (no ring)
MPRegen 0.08/turn               (no ring)

@: no status effects
A: sickness immunity, AC +2, negative energy resistance 1, electricity
resistance, torment resistance 1, petrification resistance
a: no special abilities


You were on level 1 of the Dungeon.
You visited 1 branch of the dungeon, and saw 1 of its levels.

You collected 40 gold pieces.

Inventory:

Hand Weapons
 a - a +0 flail (weapon)
Missiles
 e - a stone (quivered)
Armour
 b - a +0 scale mail (worn)
 c - a +0 buckler (worn)
Scrolls
 f - a scroll of enchant weapon {unknown}
Potions
 d - a potion of might
 g - a potion of haste {unknown}
 h - a potion of lignification {unknown}
 i - 2 potions of curing {unknown}


   Skills:
 + Level 3.3 Fighting
 * Level 2.3 Maces & Flails
 + Level 3.3 Armour
 + Level 3.8 Shields


You had one spell level left.
You didn't know any spells.
Your spell library was empty.

Dungeon Overview and Level Annotations

Branches:
Dungeon (1/15)

Altars:


Innate Abilities, Weirdness & Mutations

You are immune to sickness and miasma.
Your stone body is resilient. (AC +2)
You are immune to poison.
You resist negative energy. (rN+)
You are resistant to electric shocks. (rElec)
You are resistant to unholy torment.
You are immune to petrification.


Message History

A dart slug comes into view.
A dart slug is nearby!
A dart slug is nearby!
A dart slug is nearby!
A dart slug is nearby!
You are too injured to fight recklessly!
You are too injured to fight recklessly!
You are too injured to fight recklessly!
The dart slug launches a dart at you. The slug dart hits you.
* * * LOW HITPOINT WARNING * * *
You hit the dart slug but do no damage. The dart slug launches a dart at you.
The slug dart hits you but does no damage.
You hit the dart slug.
The dart slug is severely wounded.
The dart slug bites you but does no damage.
You thump the dart slug!
You kill the dart slug!
Found a stone staircase leading down.
A hobgoblin comes into view.
The hobgoblin shouts!
A hobgoblin is nearby!
A hobgoblin is nearby!
A hobgoblin is nearby!
You are too injured to fight recklessly!
You block the hobgoblin's attack.
You closely miss the hobgoblin. The hobgoblin hits you.
* * * LOW HITPOINT WARNING * * *
You hit the hobgoblin.
The hobgoblin is heavily wounded.
The hobgoblin hits you but does no damage.
The hobgoblin barely misses you.
You hit the hobgoblin but do no damage.
The hobgoblin is heavily wounded.
The hobgoblin barely misses you.
You closely miss the hobgoblin.
The hobgoblin is heavily wounded.
The hobgoblin hits you.
You die...

##.#.....#.#
...#..........#.#.#.#.####
#.......##................
#.##.##.##......#.#.#....
#.#.............#.#..... #
#.####..###.....#.#...##.#
#...............#.#.....
######..##......#.#.#.####.
....>..........g@.....>....
######.#####.####.#.######.
................#.#.#
############..###.#.#
..............#.#
#######.#######.#
#######.#######.#
...#...#.....#.#
#.#.###.###...#


You could see a hobgoblin.

Vanquished Creatures
  A gnoll (D:1)
  A dart slug (D:1)
  A quokka (D:1)
  2 goblins (D:1)
  A kobold (D:1)
6 creatures vanquished.

Notes
Turn   | Place    | Note
-------+----------+-------------------------------------------
     0 | D:1      | danielguo94 the Gargoyle Fighter began the quest for the
                  | Orb.
     0 | D:1      | Reached XP level 1. HP: 14/14 MP: 1/1
   236 | D:1      | Reached XP level 2. HP: 3/19 MP: 2/2
   323 | D:1      | Slain by a hobgoblin

Illustrated notes

Levels and vault maps discovered:
D:1:      elethiomel_arrival_maze, layout_basic

Action                   || total
-------------------------++-------
Melee: Flail             ||    22
Armor: Scale mail        ||     8
Dodge: Dodged            ||     7
Block: Buckler           ||     3
